Unix NetHack Version 3.7.0-66 Work-in-progress - last build Dec 26 2022 05:50:31 (55254d10815e23f0e7c0ebc937178fe17f3ffff8,branch:master). Game began 2022-11-01 17:32:43, ended 2024-04-27 16:18:21. vevais, chaotic male elven Wizard --------- --......... |.......--- |<.)......| ----......| --......-- --........--- -- --..|[)......- |. --.)-#--...*....- -. |..-# |....---.(.. .. . --.-- --..-- --- |.. --. -----..| --.| | |.... |... --..^...| .| |........ --... -----..------ .- | |..........^...----......| . -.......................------ . ---.@. |.*...-- -. --. --.|..| --- ------ Vevais the Thaumaturge St:11 Dx:12 Co:15 In:16 Wi:12 Ch:12 Chaotic Dlvl:5 $:112 HP:0(44) Pw:0(73) AC:9 Xp:6/323 T:3123 Blind Latest messages: You finish eating the gnome lord corpse. A board beneath you squeaks an F sharp loudly. You hear a distant zap. A foul stench makes you feel a little nauseated. You hear a distant zap. A bear trap closes on your foot! Your movements are slowed slightly because of your load. You are caught in a bear trap. You are caught in a bear trap. You are caught in a bear trap. The hobbit shoots a gray stone! You are hit by a gray stone. The yellow light explodes! You are blinded by a blast of light! What do you want to zap? [cvLMOPW or ?*] Never mind. You are caught in a bear trap. You are caught in a bear trap. You are caught in a bear trap. You finally wriggle free. Your leg feels better. Your movements are now unencumbered. You are hit! You hear a nearby zap. You notice a dog smell. You feel an unseen monster! You are hit! In what direction? l The spell hits it. You kill it! Welcome to experience level 6. You feel sluggish. You feel your magical energy drain away. You feel an unseen monster! It bites! You stop searching. In what direction? l The spell hits it. You kill it! You feel an unseen monster! You hear a nearby zap. You hear a nearby zap. It bites! You stop searching. In what direction? l The spell hits it. It bites! Its bite was poisoned! Wizard is about to die. You die... Inventory: Coins $ - 112 gold pieces Weapons a - a blessed +1 quarterstaff D - an uncursed +0 dagger T - 2 uncursed +0 elven daggers (wielded) Armor b - an uncursed +0 cloak of magic resistance (being worn) S - an uncursed +0 dwarvish cloak Comestibles Z - an uncursed tripe ration Scrolls i - an uncursed scroll of light j - an uncursed scroll of remove curse q - a cursed scroll of create monster F - an uncursed scroll of taming H - a cursed scroll of identify J - a blessed scroll of scare monster U - a blessed scroll of earth Spellbooks m - an uncursed spellbook of confuse monster r - an uncursed spellbook of charm monster t - a blessed spellbook of force bolt E - an uncursed spellbook of invisibility N - an uncursed spellbook of remove curse Potions f - an uncursed potion of polymorph g - an uncursed potion of healing h - an uncursed potion of see invisible u - a blessed potion of restore ability z - a blessed potion of see invisible C - an uncursed potion of healing G - an uncursed diluted potion of fruit juice R - an uncursed potion of gain level V - an uncursed potion of monster detection Rings d - an uncursed ring of regeneration e - an uncursed ring of conflict K - an uncursed ring of free action Wands c - an uncursed wand of polymorph (0:4) v - an uncursed wand of locking (0:4) L - an uncursed wand of speed monster (0:7) M - an uncursed wand of teleportation (0:4) O - an uncursed wand of secret door detection (0:12) P - an uncursed wand of cancellation (0:7) W - an uncursed wand of light (0:10) Tools k - an uncursed lock pick l - an uncursed oil lamp n - an uncursed magic marker (0:78) o - an uncursed bell p - an uncursed blindfold Y - an uncursed credit card Gems/Stones x - an uncursed worthless piece of green glass y - an uncursed worthless piece of yellow glass A - 2 uncursed worthless pieces of orange glass B - an uncursed worthless piece of red glass Vevais the Wizard's attributes: Background: You were a Thaumaturge, a level 6 male elven Wizard. You were chaotic, nominally on a mission for Anhur who was opposed by Ptah (lawful) and Thoth (neutral). You were in the Gnomish Mines, on level 5. You entered the dungeon 3123 turns ago. You had 323 experience points, 317 more were needed to attain level 7. Basics: You had 0 out of 44 hit points. You had 0 out of 73 energy points (spell power). Your armor class was 9. Your wallet contained 112 zorkmids. Autopickup was on for '$*=/"?!' plus thrown, with exceptions. FinalCharacteristics: Your strength was 11 (limit:18). Your dexterity was 12 (limit:18). Your constitution was 15 (limit:16). Your intelligence was 16 (limit:20). Your wisdom was 12 (limit:20). Your charisma was 12 (limit:18). Final Status: You were temporarily blind. You were not hungry. You were unencumbered. You were wielding daggers. You had basic skill with dagger. Final Attributes: You were piously aligned. You were magic-protected. You were sleep resistant. You had infravision. You were warded. You are dead. Miscellaneous: You never encountered a bones level. Total elapsed playing time was 1 hour, 49 minutes and 49 seconds. Major events: Turn 1: vevais the chaotic male elven Wizard entered the dungeon 738: attained the rank of Conjurer (level 3) 2440: entered the Gnomish Mines 3112: attained the rank of Thaumaturge (level 6) 3123: killed by a rabid rat Vanquished creatures: a small mimic a Mordor orc a pony a yellow light a shrieker 2 gnome leaders a little dog 2 floating eyes a dwarf a kobold shaman 2 hill orcs a rothe a wererat a werejackal 2 iguanas 3 hobbits 2 manes a hobgoblin 6 giant rats a cave spider a brown mold 6 gnomes a gnome zombie 2 geckos 3 jackals 2 kobolds 2 goblins 4 grid bugs 2 lichens a kobold zombie 11 newts 67 creatures vanquished. No species were genocided or became extinct. Voluntary challenges: You were an atheist. You read items or engraved 10 times. You never engraved Elbereth. You never genocided any monsters. You never polymorphed an object. You never changed form. You used no wishes. Achievements: You attained the rank of Conjurer. You entered a shop. You entered the Gnomish Mines. You attained the rank of Thaumaturge. The Dungeons of Doom: levels 1 to 6 Level 1: Level 2: Level 3: A general store. Level 4: Stairs down to The Gnomish Mines. Level 5: Many fountains. Level 6: The Gnomish Mines: Level 5: <- You were here. Final resting place for you, killed by a rabid rat. Game over: ---------- / \ / REST \ / IN \ / PEACE \ / \ | vevais | | 112 Au | | killed by a | | rabid rat | | | | | | 2024 | *| * * * | * _________)/\\_//(\/(/\)/\//\/|_)_______ Goodbye vevais the Wizard... You died in The Gnomish Mines on dungeon level 5 with 1663 points, and 112 pieces of gold, after 3123 moves. You were level 6 with a maximum of 44 hit points when you died.